 Dungeon Crawl Stone Soup version 0.29.1-2-gbd0b4ee654 (webtiles) character file.

Game seed: 5831638241259358217

217 Raikaria the Shooter (level 6, -2/43 HPs)
             Began as a Djinni Hunter on Nov 10, 2022.
             Slain by Grinder (5 damage)
             ... on level 3 of the Dungeon.
             The game lasted 00:04:03 (1707 turns).

Raikaria the Shooter (Djinni Hunter)                Turns: 1707, Time: 00:04:04

Health: -2/43      AC:  6    Str: 10    XL:     6   Next: 16%
Gold:   128        EV: 12    Int: 10    God:
                   SH:  0    Dex: 19

rFire   + + .      SeeInvis .   a - +0 shortbow
rCold   x . .      Faith    .   (shield currently unavailable)
rNeg    . . .      Spirit   .   c - +0 leather armour
rPois   ∞          Reflect  .   (no helmet)
rElec   .          Harm     .   k - +2 cloak
rCorr   .          Rampage  .   (no gloves)
Will    .....                   (boots unavailable)
Stlth   ++........              h - amulet of the acrobat
HPRegen 0.14/turn               i - +4 ring of slaying
MPRegen 0.00/turn               (no ring)

@: brilliant, flying
A: sickness immunity, fire resistance 2, cold vulnerability 1, float, innate
caster, HP casting, extra vitality 1
a: no special abilities


You were on level 3 of the Dungeon.
You visited 1 branch of the dungeon, and saw 4 of its levels.

You collected 128 gold pieces.

Inventory:

Hand Weapons
 a - a +0 shortbow (weapon)
Armour
 c - a +0 leather armour (worn)
 e - a +0 kite shield
 k - a +2 cloak (worn)
Jewellery
 h - an amulet of the acrobat (around neck)
 i - a +4 ring of slaying (left hand)
Wands
 n - a wand of paralysis (4)
Scrolls
 b - a scroll of immolation
 g - a scroll of identify {unknown}
 j - a scroll of summoning {unknown}
 m - 2 scrolls of acquirement {unknown}
 o - a scroll of teleportation {unknown}
 p - a scroll of vulnerability {unknown}
 q - a scroll of fog {unknown}
Potions
 d - a potion of curing
 l - a potion of berserk rage {unknown}


   Skills:
 - Level 2.0 Fighting
 + Level 5.8 Ranged Weapons
 - Level 2.1 Dodging
 - Level 0.7 Stealth


You had 2 spell levels left.
You knew the following spells:

 Your Spells              Type           Power      Damage    Failure   Level
a - Foxfire               Conj/Fire      0%         2x1d4     45%         1
b - Call Imp              Summ           0%         N/A       61%         2
Your spell library was empty.

Dungeon Overview and Level Annotations

Branches:
Dungeon (4/15)
 Temple: D:4-7

Altars:
Nemelex Xobeh

Shops:
D:1 :

Annotations:
D:3 Grinder


Innate Abilities, Weirdness & Mutations

You are immune to sickness and miasma.
You are immune to poison.
Your flesh is very heat resistant. (rF++)
You are vulnerable to cold. (rC-)
You float through the air rather than walking.
You learn spells naturally, not from books.
Your magical power is your life essence.
You have superior vitality. (+4 MHP)


Message History

Aim: Grinder (severely wounded, 65% to hit)
You shoot an arrow.
The arrow hits Grinder but does no damage.
Grinder is severely wounded.
Grinder gestures at you. Pain shoots through your body!
* * * LOW HITPOINT WARNING * * *
Fire: a) +0 shortbow
Press: ? - help, Q - select action, (/) - cycle Shift-Dir - straight line, f/p - Grinder
Aim: Grinder (severely wounded, 65% to hit)
You shoot an arrow. The arrow closely misses Grinder.
It was a potion of brilliance.
You feel clever all of a sudden.
You feel better.
Fire: a) +0 shortbow
Press: ? - help, Q - select action, (/) - cycle Shift-Dir - straight line, f/p - Grinder
Aim: Grinder (severely wounded, 65% to hit)
You shoot an arrow. The arrow hits Grinder.
Grinder is severely wounded.
Grinder gestures at you.
You struggle to resist.
Fire: a) +0 shortbow
Press: ? - help, Q - select action, (/) - cycle Shift-Dir - straight line, f/p - Grinder
Aim: Grinder (severely wounded, 65% to hit)
You shoot an arrow. The arrow closely misses Grinder.
Grinder gestures at you.
You suddenly lose the ability to move!
Grinder gestures at you.
You struggle to resist.
Grinder hits you.
* * * LOW HITPOINT WARNING * * *
You writhe in agony.
* * * LOW HITPOINT WARNING * * *
You can move again.
Fire: a) +0 shortbow
Press: ? - help, Q - select action, (/) - cycle Shift-Dir - straight line, f/p - Grinder
Aim: Grinder (severely wounded, 65% to hit)
You shoot an arrow. The arrow closely misses Grinder.
Grinder hits you.
You die...

#.. #.# #.#
#.####
##.######
#.##..
.........
#.##.#
##.######
#.##.# #.
#@##.# #.
#5##.# #.
#.##.# #.
#.##.######.#
#.
#...#.......#
#.
####.########
#. #.# #. #.#
#. #.# #.


You could see Grinder.

Vanquished Creatures
  A jelly (D:3)
  A hound (D:3)
  Ijyb (D:3)
  An iguana (D:2)
  3 gnolls (D:2)
  3 adders
  A dart slug (D:1)
  3 ball pythons
  3 endoplasms
  3 giant cockroaches
  3 goblins (D:2)
  4 hobgoblins
  4 kobolds
  2 quokkas
  7 bats
  2 frilled lizards (D:1)
  5 rats
47 creatures vanquished.

Notes
Turn   | Place    | Note
-------+----------+-------------------------------------------
     0 | D:1      | Raikaria the Djinni Hunter began the quest for the Orb.
     0 | D:1      | Reached XP level 1. HP: 18/18 MP: 0/0
    73 | D:1      | Reached XP level 2. HP: 23/23 MP: 0/0
    94 | D:1      | Found Lewisos's Book Emporium.
   165 | D:2      | Reached skill level 4 in Ranged Weapons
   165 | D:2      | Reached XP level 3. HP: 15/28 MP: 0/0
   165 | D:2      | Learned a level 1 spell: Foxfire
   183 | D:2      | Reached XP level 4. HP: 14/33 MP: 0/0
   650 | D:1      | You are sucked into a shaft and drop 1 floor!
  1134 | D:2      | Reached skill level 5 in Ranged Weapons
  1134 | D:2      | Reached XP level 5. HP: 38/38 MP: 0/0
  1134 | D:2      | Learned a level 2 spell: Call Imp
  1407 | D:3      | Found a sparkling altar of Nemelex Xobeh.
  1548 | D:3      | Noticed Ijyb
  1551 | D:3      | Paralysed by Ijyb for 3 turns
  1567 | D:3      | Killed Ijyb
  1568 | D:3      | Reached XP level 6. HP: 35/43 MP: 0/0
  1686 | D:3      | Noticed Grinder
  1704 | D:3      | Paralysed by Grinder for 3 turns
  1707 | D:3      | Slain by Grinder

Illustrated notes

Levels and vault maps discovered:
D:1:      dpeg_arrival_erosion, layout_basic, serial_shops, shop
D:2:      layout_rooms
D:3:      layout_loops_ring, mainiacjoe_overflow_concentric_impassable,
          kennysheep_generic_room_16, uniq_grinder, uniq_ijyb
D:4:      layout_loops_ring, serial_shops, shop, minivault_26

Skill      XL: |  1  2  3  4 |
---------------+-------------+-----
Ranged Weapons | 4 5 |  5.8
Fighting       | |  2.0
Dodging        | |  2.1
Stealth        | |  0.7

Action                   |  1- 3 |  4- 6 || total
-------------------------+-------+-------++-------
 Fire: Shortbow          |    34 |    92 ||   126
  Use: Potion            |       |     3 ||     3
Armor: Leather armour    |     1 |    18 ||    19
Dodge: Dodged            |     5 |    21 ||    26
